 Dungeon Crawl Stone Soup version 0.30.1-11-g7821555f0a (webtiles) character file.

Game seed: 9133582602688397065

3 RancidPinata the Cudgeller (level 1, -2/12 HPs)
             Began as a Gargoyle Gladiator on Dec 20, 2023.
             Slain by a frilled lizard (3 damage)
             ... on level 1 of the Dungeon.
             The game lasted 00:00:36 (33 turns).

RancidPinata the Cudgeller (Gargoyle Gladiator)       Turns: 33, Time: 00:00:37

Health: -2/12      AC:  6    Str: 17    XL:     1   Next: 50%
Magic:  1/1        EV: 12    Int:  8    God:
Gold:   0          SH:  0    Dex: 11    Spells: 0/0 levels left

rFire   . . .        a - +0 flail
rCold   . . .        (no shield)
rNeg    + . .        b - +0 leather armour
rPois   ∞            c - +0 helmet
rElec   +            (no cloak)
rCorr   .            (no gloves)
SInv    .            (no boots)
Will    .....        (no amulet)
Stlth   +            (no ring)
HPRegen 0.22/turn    (no ring)
MPRegen 0.07/turn

%: no passive effects
@: no status effects
A: sickness immunity, AC +2, negative energy resistance 1, electricity
resistance, torment resistance 1, petrification resistance
a: no special abilities


You were on level 1 of the Dungeon.
You visited 1 branch of the dungeon, and saw 1 of its levels.

Inventory:

Hand Weapons
 a - a +0 flail (weapon)
Missiles
 d - 3 throwing nets (quivered)
 e - a javelin
Armour
 b - a +0 leather armour (worn)
 c - a +0 helmet (worn)


   Skills:
 * Level 2.2 Fighting
 * Level 3.0 Maces & Flails
 + Level 1.8 Throwing
 * Level 0.2 Armour
 + Level 2.4 Dodging
 + Level 0.1 Stealth


You couldn't memorise any spells.
You didn't know any spells.
Your spell library was empty.

Dungeon Overview and Level Annotations

Branches:
Dungeon (1/15)

Altars:

Annotations:
D:1 2 transporters


Innate Abilities, Weirdness & Mutations

You are immune to sickness and miasma.
Your stone body is resilient. (AC +2)
You are immune to poison.
You resist negative energy. (rN+)
You are resistant to electric shocks. (rElec)
You are resistant to unholy torment.
You are immune to petrification.


Message History

The rat closely misses you.
You hit the hobgoblin.
The hobgoblin is almost dead.
The hobgoblin barely misses you. The rat bites you but does no damage.
You barely miss the hobgoblin.
The hobgoblin is severely wounded.
The hobgoblin misses you. The rat bites you but does no damage.
You sock the hobgoblin!
You kill the hobgoblin!
The rat bites you.
* * * LOW HITPOINT WARNING * * *
The hobgoblin hits you.
* * * LOW HITPOINT WARNING * * *
The rat bites you but does no damage.
You closely miss the hobgoblin. The hobgoblin barely misses you.
A frilled lizard comes into view.
The rat bites you but does no damage.
You barely miss the hobgoblin.
The frilled lizard hisses angrily.
The hobgoblin hits you but does no damage.
The rat bites you but does no damage.
You closely miss the hobgoblin. The hobgoblin completely misses you.
The rat bites you but does no damage.
You barely miss the hobgoblin. The rat misses you. The hobgoblin hits you.
* * * LOW HITPOINT WARNING * * *
The hobgoblin barely misses you. The rat barely misses you.
You thump the hobgoblin!
You kill the hobgoblin!
The rat bites you but does no damage. The frilled lizard barely misses you.
You see here a hobgoblin corpse.
You aren't carrying any potions.
You thump the rat!
You kill the rat!
The frilled lizard bites you but does no damage.
You barely miss the frilled lizard. The frilled lizard closely misses you.
You barely miss the frilled lizard. The frilled lizard bites you.
* * * LOW HITPOINT WARNING * * *
The frilled lizard bites you.
You die...

.# .# .# ### .#... .#.#
#[##############...##.#
......l@..............#
#.#######.#~≈≈~.≈≈≈###
.....)..~≈≈≈.≈≈≈≈~##
######..≈≈≈.≈≈≈≈≈≈≈#
....≈≈≈~.~~≈≈≈≈#
.##.#≈~~...~~≈≈≈#
[.$.≈~.©<©.~≈≈≈≈#
#..#≈~~.⌠.~≈≈≈≈≈#
#..#≈≈≈~~~≈≈≈≈≈≈#


You could see a frilled lizard.

Vanquished Creatures
  2 hobgoblins (D:1)
  A rat (D:1)
3 creatures vanquished.

Notes
Turn   | Place    | Note
-------+----------+-------------------------------------------
     0 | D:1      | RancidPinata the Gargoyle Gladiator began the quest for the
                  | Orb.
     0 | D:1      | Reached XP level 1. HP: 12/12 MP: 1/1
    33 | D:1      | Slain by a frilled lizard

Illustrated notes

Levels and vault maps discovered:
D:1:      spicycebolla_arrival_transporter_tutorial, layout_basic,
          chequers_arboretum

Action                     || total
---------------------------++-------
  Melee: Flail             ||    17
 Armour: Leather armour    ||    12
  Dodge: Dodged            ||    17
